 Dungeon Crawl Stone Soup version 0.30.0-29-ga12c61a403 (webtiles) character file.

Game seed: 2678296316784804061

729 seaoflcl the Trooper (level 7, -17/56 HPs)
             Began as a Demonspawn Fighter on June 15, 2023.
             Demolished by a two-headed ogre
             ... wielding a +0 giant club
              (18 damage)
             ... on level 6 of the Dungeon.
             The game lasted 00:07:45 (5503 turns).

seaoflcl the Trooper (Demonspawn Fighter)           Turns: 5503, Time: 00:07:45

Health: -17/56     AC: 10    Str: 18    XL:     7   Next: 44%
Magic:  7/7        EV:  7    Int: 10    God:
Gold:   283        SH:  5    Dex: 16    Spells: 6/6 levels left

rFire   . . .        a - +0 war axe
rCold   . . .        c - +0 buckler
rNeg    . . .        t - +0 chain mail
rPois   .            (helmet restricted)
rElec   .            (no cloak)
rCorr   .            s - +0 pair of gloves
SInv    .            (no boots)
Will    .....        (no amulet)
Stlth   +            (no ring)
HPRegen 0.29/turn    (no ring)
MPRegen 0.10/turn

%: no passive effects
@: studying Fighting
A: antennae 1, thin skeletal structure 2, demonic guardian 2
a: no special abilities


You were on level 6 of the Dungeon.
You visited 1 branch of the dungeon, and saw 6 of its levels.
You also visited: Sewer.

You collected 283 gold pieces.

Inventory:

Hand Weapons
 a - a +0 war axe (weapon)
 C - a +0 falchion of electrocution
Missiles
 l - 4 poisoned darts (quivered)
Armour
 c - a +0 buckler (worn)
 s - a +0 pair of gloves (worn)
 t - a +0 chain mail (worn)
Wands
 u - a wand of flame (3)
Scrolls
 f - a scroll of poison
 g - 2 scrolls of fog
 m - a scroll of magic mapping {unknown}
 n - 2 scrolls of immolation {unknown}
 v - a scroll of teleportation {unknown}
 w - 2 scrolls of enchant armour {unknown}
 x - a scroll of enchant weapon {unknown}
 y - a scroll of fear {unknown}
 z - a scroll of butterflies {unknown}
Potions
 b - 2 potions of lignification {unknown}
 d - 2 potions of might
 h - a potion of mutation
 i - a potion of resistance {unknown}
 j - 2 potions of flight {unknown}
 k - 2 potions of attraction {unknown}
 o - a potion of degeneration {unknown}
 p - a potion of brilliance {unknown}
 q - 2 potions of ambrosia {unknown}
 r - 3 potions of heal wounds {unknown}
 A - a potion of experience {unknown}
 B - a potion of cancellation {unknown}


   Skills:
 + Level 5.0 Fighting
 + Level 0.0 Long Blades
 * Level 4.4 Axes
 + Level 2.4 Throwing
 + Level 3.9 Armour
 + Level 2.0 Stealth
 + Level 4.0 Shields


You had 6 spell levels left.
You didn't know any spells.
Your spell library contained the following spells:

 Spells                   Type           Power      Damage    Failure   Level
 Cigotuvi's Dreadful Rot  Necr/Pois/Air  0%         N/A       100%        2
 Ignite Poison            Fire/Tmut/Pois 0%         N/A       100%        3
 Freezing Cloud           Conj/Ice/Air   0%         6-21      100%        5


Dungeon Overview and Level Annotations

Branches:
Dungeon (6/15)              Sewer (visited)
 Temple: D:4-7

Altars:

Annotations:
D:3 1 runed translucent door, Crazy Yiuf
D:5 2 runed translucent doors, suzumiya's ghost, novice MfGl


Innate Abilities, Weirdness & Mutations

You have a pair of small antennae on your head.
You have a moderately thin skeletal structure. (Dex +4, Stealth++)
A demonic guardian rushes to your aid.


Message History

Aim: a two-headed ogre, wielding two +0 giant clubs (lightly wounded, poisoned, 77% to hit)
You throw a poisoned dart.
The poisoned dart hits the two-headed ogre.
The two-headed ogre is lightly wounded.
Throw: 6 darts (poison)
Press: ? - help, Q - select action, (/) - cycle Shift-Dir - straight line, f/p - two-headed ogre
Aim: a two-headed ogre, wielding two +0 giant clubs (lightly wounded, poisoned, 77% to hit)
You throw a poisoned dart.
The poisoned dart hits the two-headed ogre.
The two-headed ogre looks even sicker.
The two-headed ogre is lightly wounded.
There is a stone staircase leading up here.
Throw: 5 darts (poison)
Press: ? - help, Q - select action, (/) - cycle Shift-Dir - straight line, f/p - two-headed ogre
Aim: a two-headed ogre, wielding two +0 giant clubs (lightly wounded, very poisoned, 77% to hit)
You throw a poisoned dart.
The poisoned dart barely misses the two-headed ogre.
You hit the two-headed ogre.
The two-headed ogre is lightly wounded.
The two-headed ogre hits you with a +0 giant club!
The two-headed ogre hits you but does no damage.
You slash the two-headed ogre!
The two-headed ogre is moderately wounded.
The two-headed ogre hits you with a +0 giant club!!
The two-headed ogre hits you with a +0 giant club!
* * * LOW HITPOINT WARNING * * *
A demonic guardian appears!
You hit the two-headed ogre but do no damage.
The two-headed ogre is moderately wounded.
The two-headed ogre closely misses you.
The two-headed ogre hits you with a +0 giant club.
* * * LOW HITPOINT WARNING * * *
Unknown command.
Okay, then.
You feel better.
Your orange demon barely misses the two-headed ogre.
The two-headed ogre hits you with a +0 giant club!
* * * LOW HITPOINT WARNING * * *
The two-headed ogre hits you with a +0 giant club!!
You die...

#.# .#.##. . .
#........ . #.
..##.#.#.#..
#.##....#.#.#..
...............
######............$..
...........4.........
..........@..........
..........O.........
.##.##..##.####...# #
#####.####...####.#
#....)..........
#....(..........
#...............
#.(....)(.......
#.........(.....


You could see a two-headed ogre (poisoned, ally target) and a friendly orange
demon (summoned).

Vanquished Creatures
  A centaur (D:5)
  A howler monkey (D:5)
  A jelly (D:5)
  A sleepcap (D:5)
  Jessica (D:3)
  Ijyb (D:4)
  5 gnolls (D:4)
  9 adders
  A river rat (D:5)
  A shadow imp (D:5)
  5 worms
  4 dart slugs
  11 orcs
  5 endoplasms
  3 giant cockroaches
  9 hobgoblins
  4 jackals (D:2)
  10 kobolds
  6 quokkas
  15 ball pythons
  4 bats
  6 frilled lizards
  11 goblins
  4 rats
119 creatures vanquished.

Vanquished Creatures (collateral kills)
  Pargi (Sewer)
  An ice beast (D:5)
  2 gnolls (D:4)
  An endoplasm (D:4)
5 creatures vanquished.

Grand Total: 124 creatures vanquished

Notes
Turn   | Place    | Note
-------+----------+-------------------------------------------
     0 | D:1      | seaoflcl the Demonspawn Fighter began the quest for the
                  | Orb.
     0 | D:1      | Reached XP level 1. HP: 18/18 MP: 1/1
   292 | D:1      | Gained mutation: You have a somewhat thin skeletal
                  | structure. (Dex +2, Stealth+) [demonic ancestry]
   292 | D:1      | Reached XP level 2. HP: 24/24 MP: 2/2
  1308 | D:2      | Gained mutation: You have a pair of small antennae on your
                  | head. [demonic ancestry]
  1308 | D:2      | Reached XP level 3. HP: 29/29 MP: 3/3
  1534 | D:2      | Found a faded altar of an unknown god.
  1780 | D:2      | Gained mutation: A weak demonic guardian rushes to your
                  | aid. [demonic ancestry]
  1780 | D:2      | Reached XP level 4. HP: 32/35 MP: 4/4
  2756 | D:3      | Reached skill level 1 in Throwing
  2898 | D:3      | Noticed Jessica
  2905 | D:3      | Killed Jessica
  2906 | D:3      | Gained mutation: You have a moderately thin skeletal
                  | structure. (Dex +4, Stealth++) [demonic ancestry]
  2906 | D:3      | Reached XP level 5. HP: 37/41 MP: 5/5
  3115 | D:3      | Found a runed translucent door.
  3116 | D:3      | Noticed Crazy Yiuf
  3178 | D:4      | Noticed Ijyb
  3187 | D:4      | Killed Ijyb
  3745 | D:4      | Reached skill level 4 in Fighting
  3754 | D:4      | Gained mutation: A demonic guardian rushes to your aid.
                  | [demonic ancestry]
  3754 | D:4      | Reached XP level 6. HP: 23/48 MP: 6/6
  4201 | D:5      | Entered Level 5 of the Dungeon
  4206 | D:5      | Reached skill level 1 in Stealth
  4416 | D:5      | Noticed an ice beast
  4424 | D:5      | Killed an ice beast
  4442 | D:5      | Found a large runed translucent door.
  4442 | D:5      | Found a large runed translucent door.
  4442 | D:5      | Noticed suzumiya's ghost (novice MfGl)
  4455 | D:5      | Reached XP level 7. HP: 36/55 MP: 7/7
  4690 | D:5      | Found a glowing drain.
  4694 | Sewer    | Entered a sewer
  4747 | Sewer    | Noticed Pargi
  4762 | Sewer    | Killed Pargi
  4763 | Sewer    | Reached skill level 5 in Fighting
  5484 | D:6      | Noticed a two-headed ogre
  5502 | D:6      | HP: 2/56 [two-headed ogre/+0 giant club (5)]
  5503 | D:6      | Demolished by a two-headed ogre

Illustrated notes

Levels and vault maps discovered:
D:1:      tarquinn_simple_flora_water_d, layout_basic, nicolae_hexahallways,
          chequers_serial_rivers_room_a, minmay_misc_feat_rows
D:2:      layout_basic, ebering_ecumenical_altar_hall, minmay_shallow_snake_nest
D:3:      layout_basic, uniq_crazy_yiuf_cottage, uniq_jessica
D:4:      layout_loops_corners, st_stairs_1, minmay_manual_moon, uniq_ijyb
D:5:      layout_basic, ebering_ghost_disaster_area, gup_sewer_entry_bowl
D:6:      layout_gridville, minmay_temple_entry_ruins, minmay_misc_feat_rugged,
          uniq_maggie, uniq_sigmund

Skill      XL: |  1  2  3  4  5  6  7 |
---------------+----------------------+-----
Axes           | 2 3 4 |  4.4
Armour         | 3 |  3.9
Shields        | 3 4 |  4.0
Throwing       | 1 2 |  2.4
Fighting       | 4 5 |  5.0
Stealth        | 1 2 |  2.0

Action                     |  1- 3 |  4- 6 |  7- 9 || total
---------------------------+-------+-------+-------++-------
  Melee: War axe           |   130 |   188 |    60 ||   378
  Throw: Dart              |       |       |     5 ||     5
    Use: Scroll            |       |       |     4 ||     4
         Potion            |       |       |     1 ||     1
 Armour: Scale mail        |    52 |    26 |       ||    78
         Chain mail        |       |   104 |    61 ||   165
  Dodge: Dodged            |    47 |    78 |    25 ||   150
  Block: Buckler           |    36 |    71 |    34 ||   141
